 Dungeon Crawl Stone Soup version 0.30.1-11-g7821555f0a (webtiles) character file.

Game seed: 11573951778188979145

81 lonewolfV2 the Shield-Bearer (level 4, 0/39 HPs)
             Began as a Minotaur Fighter on Nov 1, 2023.
             Slain by a gnoll
             ... wielding a +0 spear
              (6 damage)
             ... on level 3 of the Dungeon.
             The game lasted 00:01:40 (1081 turns).

lonewolfV2 the Shield-Bearer (Minotaur Fighter)     Turns: 1081, Time: 00:01:41

Health: 0/39       AC:  8    Str: 20    XL:     4   Next: 19%
Magic:  3/3        EV: 10    Int:  5    God:
Gold:   106        SH:  6    Dex: 12    Spells: 3/3 levels left

rFire   . . .        a - +0 war axe
rCold   . . .        c - +1 buckler
rNeg    . . .        b - +0 scale mail
rPois   .            (helmet restricted)
rElec   .            (no cloak)
rCorr   .            (no gloves)
SInv    .            j - +0 pair of boots
Will    .....        (no amulet) Stlth
                     (no ring)
HPRegen 0.26/turn    (no ring)
MPRegen 0.08/turn

%: no passive effects
@: no status effects
A: horns 2, retaliatory headbutt
a: no special abilities


You were on level 3 of the Dungeon.
You visited 1 branch of the dungeon, and saw 3 of its levels.

You collected 106 gold pieces.

Inventory:

Hand Weapons
 a - a +0 war axe (weapon)
Armour
 b - a +0 scale mail (worn)
 c - a +1 buckler (worn)
 j - a +0 pair of boots (worn)
 m - a +0 plate armour
Jewellery
 k - an amulet of guardian spirit
Wands
 i - a wand of flame (13)
Scrolls
 f - 2 scrolls of vulnerability {unknown}
Potions
 d - 2 potions of might
 e - a potion of invisibility
 g - a potion of brilliance {unknown}
 h - 2 potions of heal wounds {unknown}
 l - a potion of berserk rage {unknown}
 n - a potion of flight {unknown}


   Skills:
 - Level 3.6 Fighting
 - Level 2.4 Axes
 + Level 4.3 Armour
 * Level 2.9 Dodging
 + Level 4.3 Shields


You had 3 spell levels left.
You didn't know any spells.
Your spell library contained the following spells:

 Spells                   Type           Power      Damage    Failure   Level
 Sandblast                Erth           0%         2d4       88%         1
 Slow                     Hex            0%         N/A       88%         1
 Passwall                 Tmut/Erth      0%         N/A       95%         2
 Confusing Touch          Hex            0%         N/A       99%         3
 Stone Arrow              Conj/Erth      0%         3d7       99%         3
 Vampiric Draining        Necr           0%         2d6       99%         3


Dungeon Overview and Level Annotations

Branches:
Dungeon (3/15)

Altars:
Qazlal

Shops:
D:1 *


Innate Abilities, Weirdness & Mutations

You have a pair of horns on your head.
You reflexively headbutt those who attack you in melee.


Message History

The gnoll hits you from afar with a +0 spear.
You closely miss the adder.
The adder is moderately wounded.
You block the adder's attack. The gnoll misses you.
The adder barely misses you. You furiously retaliate!
You headbutt the adder! You block the gnoll's attack.
You closely miss the adder. You headbutt the adder.
You kill the adder!
You block the gnoll's attack.
A gnoll comes into view. It is wielding a +0 spear.
The gnoll hits you with a +0 spear.
You see here an adder corpse.
You hit the gnoll.
The gnoll is moderately wounded.
The gnoll hits you with a +0 club. The gnoll hits you with a +0 spear!
You hit the gnoll.
The gnoll is heavily wounded.
You hit the gnoll. The gnoll hits you but does no damage.
The gnoll closely misses you. You furiously retaliate!
You headbutt the gnoll. You hit the gnoll but do no damage.
The gnoll is heavily wounded.
You closely miss the gnoll. The gnoll hits you with a +0 spear.
The gnoll hits you but does no damage.
You hit the gnoll.
The gnoll is almost dead.
You slash the gnoll!
You kill the gnoll!
A gnoll comes into view. It is wielding a +1 vampiric whip.
The gnoll hits you from afar with a +0 spear.
* * * LOW HITPOINT WARNING * * *
The gnoll hits you but does no damage. x2
You have reached level 4!
You feel agile.
The gnoll shouts!
You slash the gnoll!
You kill the gnoll!
The gnoll hits you from afar with a +0 spear.
* * * LOW HITPOINT WARNING * * *
The gnoll hits you from afar with a +0 spear.
You die...

#.# #.# #.#
###.### ##
#.._..# $.
#.#.#.###.#
#.#.#.$...##..
#.<..#@#......
##....†.g.g...
#...######...
#####


You could see 2 gnolls.

Vanquished Creatures
  2 gnolls (D:3)
  3 adders
  A dart slug (D:2)
  4 ball pythons
  A giant cockroach (D:1)
  4 goblins (D:2)
  4 hobgoblins
  4 jackals (D:1)
  A quokka (D:2)
  4 bats
  3 kobolds
  2 rats
33 creatures vanquished.

Notes
Turn   | Place    | Note
-------+----------+-------------------------------------------
     0 | D:1      | lonewolfV2 the Minotaur Fighter began the quest for the
                  | Orb.
     0 | D:1      | Reached XP level 1. HP: 19/19 MP: 0/0
   131 | D:1      | Reached skill level 1 in Dodging
   133 | D:1      | Reached XP level 2. HP: 26/26 MP: 1/1
   322 | D:1      | Found Yplah's General Store.
   552 | D:2      | Reached XP level 3. HP: 31/31 MP: 2/2
   970 | D:2      | Found a faded altar of an unknown god.
  1066 | D:3      | Found a stormy altar of Qazlal.
  1080 | D:3      | Reached XP level 4. HP: 10/39 MP: 3/3
  1081 | D:3      | Slain by a gnoll

Illustrated notes

Levels and vault maps discovered:
D:1:      heliophobic_arrival_battle_scene, layout_basic, serial_shops,
          nicolae_lakefront_shop
D:2:      layout_loops_cross, shapermc_ecumenical_altar_notcrosses,
          minmay_domino_4
D:3:      layout_loops_ring, lemuel_crystal_altar, uniq_crazy_yiuf_cottage

Skill      XL: |  1  2 |
---------------+-------+-----
Dodging        | 1 2 |  2.9
Shields        | 4 |  4.3
Armour         | 4 |  4.3
Fighting       | |  3.6
Axes           | |  2.4

Action                     |  1- 3 |  4- 6 || total
---------------------------+-------+-------++-------
  Melee: War axe           |    60 |     1 ||    61
         Headbutt          |     4 |       ||     4
    Use: Scroll            |     6 |       ||     6
 Armour: Scale mail        |    35 |       ||    35
  Dodge: Dodged            |    35 |       ||    35
  Block: Buckler           |    30 |       ||    30
